 Dungeon Crawl Stone Soup version 0.25.0-17-g773c8c6189 (webtiles) character file.

Game seed: 4172485157998400999

547915 Ijustatesigmund the Impregnable (level 24, -25/346 HPs)
             Began as a Minotaur Berserker on June 26, 2020.
             Was the Champion of Trog.
             Annihilated by a caustic shrike (27 damage)
             ... on level 5 of the Depths on June 30, 2020.
             The game lasted 02:39:01 (61151 turns).

Ijustatesigmund the Impregnable (MiBe)             Turns: 61151, Time: 02:39:01

Health: -25/346    AC: 12    Str: 29    XL:     24   Next: 96%
Magic:  32/32      EV: 24    Int: 10    God:    Trog [******]
Gold:   5549       SH: 21    Dex: 17    Spells: 23/23 levels left

rFire    + + +     SeeInvis .   b - +8 broad axe (flame)
rCold    + + +     Gourm    .   U - +5 kite shield {reflect}
rNeg     + . .     Faith    .   o - +4 plate armour {rC+}
rPois    .         Spirit   .   (helmet unavailable)
rElec    +         Reflect  +   C - scarf {rC+ rF+}
rCorr    .         Harm     .   k - +2 pair of gloves
MR       ++...                  i - +2 pair of boots "Ica Veveopt" {rN+ Str+3 Int+4}
Stlth    ..........             D - amulet of the Princess {rC+++ MR+ Regen+ Int+2 Dex-3}
HPRegen  1.07/turn              X - ring of Buxobb {rF+ EV+4 Slay+3}
MPRegen  0.23/turn              Y - ring of Fuqo {rF+ Slay+3}

@: berserking, corroded, very quick
A: retaliatory headbutt, horns 3, thin skeletal structure 1, electricity
resistance
}: 3/15 runes: decaying, silver, gossamer
a: Berserk, Trog's Hand, Brothers in Arms, Renounce Religion


You were on level 5 of the Depths.
You worshipped Trog.
Trog was exalted by your worship.
You were hungry.

You visited 8 branches of the dungeon, and saw 43 of its levels.
You visited the Abyss 2 times.
You also visited: Bailey and Ice Cave.

You collected 10541 gold pieces.
You spent 4992 gold pieces at shops.

Inventory:

Hand Weapons
 a - a +7 broad axe of venom
 b - a +8 broad axe of flaming (weapon)
Missiles
 S - 5 datura-tipped darts (quivered)
Armour
 i - the +2 pair of boots "Ica Veveopt" (worn) {rN+ Str+3 Int+4}
   (You bought it in a shop on level 14 of the Dungeon)

   It affects your strength (+3).
   It affects your intelligence (+4).
   It protects you from negative energy.
 k - a +2 pair of gloves (worn)
 o - a +4 plate armour of cold resistance (worn)
 C - a scarf of resistance (worn)
 U - a +5 kite shield of reflection (worn)
 Z - a +2 hat
Jewellery
 h - the ring of Sin {rF+ rCorr}
   (You found it on level 5 of the Vaults)

   [ring of resist corrosion]

   It protects you from fire.
   It provides partial protection from all sources of acid and corrosion.
 v - an uncursed ring of fire
 w - the ring "Weidweca" {*Contam rN+++ MR+ AC+4 Dex+3}
   (You took it off a deep elf archer on level 3 of the Elven Halls)

   [ring of protection]

   It affects your AC (+4).
   It affects your dexterity (+3).
   It renders you almost immune to negative energy.
   It affects your resistance to hostile enchantments.
   It causes magical contamination when unequipped.
 D - the amulet of the Princess (around neck) {rC+++ MR+ Regen+ Int+2 Dex-3}
   (You bought it in a shop on level 3 of the Elven Halls)

   [amulet of regeneration]

   It affects your intelligence (+2).
   It affects your dexterity (-3).
   It renders you almost immune to cold.
   It affects your resistance to hostile enchantments.
   It increases your rate of regeneration.
 E - an uncursed ring of see invisible
 L - the ring of False Pretenses {MR+ Dex+2 Slay+3}
   (You found it on level 3 of the Elven Halls)

   [ring of protection from magic]

   It affects your dexterity (+2).
   It affects your accuracy and damage with ranged weapons and melee attacks
   (+3).
   It affects your resistance to hostile enchantments.
 X - the ring of Buxobb (left hand) {rF+ EV+4 Slay+3}
   (You bought it in a shop on level 2 of the Orcish Mines)

   [ring of evasion]

   It affects your evasion (+4).
   It affects your accuracy and damage with ranged weapons and melee attacks
   (+3).
   It protects you from fire.
 Y - the ring of Fuqo (right hand) {rF+ Slay+3}
   (You found it on level 3 of the Elven Halls)

   [ring of protection from fire]

   It affects your accuracy and damage with ranged weapons and melee attacks
   (+3).
   It protects you from fire.
Wands
 x - a wand of digging (11)
 z - a wand of polymorph (36)
 F - a wand of acid (34)
 H - a wand of enslavement (20)
 I - a wand of clouds (5)
 N - a wand of iceblast (63)
 O - a wand of flame (97)
Scrolls
 j - 32 scrolls of remove curse
 p - 6 scrolls of fear
 s - a scroll of enchant armour
 u - 9 scrolls of magic mapping
 y - 9 scrolls of teleportation
 B - 10 scrolls of identify
 K - 11 scrolls of fog
 P - 2 scrolls of immolation
 R - 2 scrolls of holy word
 V - 4 scrolls of silence
Potions
 d - 6 potions of heal wounds
 e - 3 potions of might
 f - 3 potions of resistance
 g - 4 potions of ambrosia
 l - 3 potions of cancellation
 m - 3 potions of berserk rage
 n - 6 potions of flight
 q - 18 potions of curing
 r - a potion of invisibility
 A - 12 potions of lignification
 G - 2 potions of magic
 J - 6 potions of haste
 W - 2 potions of mutation
Miscellaneous
 T - 5 phantom mirrors
Comestibles
 c - 58 rations
 t - 11 chunks of flesh


   Skills:
 + Level 22.0 Fighting
 + Level 22.0 Axes
 - Level 13.7 Throwing
 - Level 23.4 Armour
 - Level 17.6 Dodging
 - Level 9.3 Stealth
 - Level 18.0 Shields
 - Level 13.5 Evocations


You had 23 spell levels left.
You didn't know any spells.
Your spell library was empty.

Dungeon Overview and Level Annotations

Branches:
Dungeon (15/15)            Temple (0/1) D:5            Lair (6/6) D:9
  Swamp (4/4) Lair:2       Spider (4/4) Lair:3        Slime (0/5) Lair:5
    Orc (2/2) D:9             Elf (3/3) Orc:2        Vaults (5/5) D:13
  Crypt (0/3) Vaults:2     Depths (3/5) D:15         Bailey (visited)
  IceCv (visited)

Altars:
Dithmenos
Fedhas
Gozag
Hepliaklqana
Kikubaaqudgha
Makhleb
Nemelex Xobeh
Okawaru
Wu Jian
Beogh
Jiyva

Shops:
D:6 *   D:13 :   D:14 [   Orc:2 ([*=   Elf:2 *   Elf:3 *=}}   Vaults:4 }
Vaults:5 *   Depths:1 :   Depths:3 :

Portals:
Hell: Depths:1 Depths:2
Pandemonium: Depths:3
Ziggurat: Depths:1
Trove: Vaults:3 (give +2 shadow dragon scales)

Annotations:
D:9 2 transporters
D:12 1 runed translucent door, endorz's ghost, journeyman GrFi
Lair:5 2 runed translucent doors, Qoypruj's ghost, journeyman MiGl


Innate Abilities, Weirdness & Mutations

You reflexively headbutt those who attack you in melee.
You have a pair of large horns on your head.
You have a somewhat thin skeletal structure. (Dex +2, Stealth)
You are resistant to electric shocks. (rElec)


Message History

You slash the caustic shrike! You headbutt the caustic shrike!
The caustic shrike is severely wounded.
You hit the caustic shrike. You hit the water elemental.
You burn the water elemental. You barely miss the caustic shrike.
A spectral swamp worm comes into view.
You block the water elemental's attack. You block the caustic shrike's attack.
The caustic shrike claws you!
* * * LOW HITPOINT WARNING * * *
You are splashed with acid.
* * * LOW HITPOINT WARNING * * *
You slash the caustic shrike! You burn the caustic shrike.
Your headbutt misses the caustic shrike.
The caustic shrike is almost dead.
You hit the caustic shrike but do no damage.
You slice the water elemental!! You burn the water elemental.
You destroy the water elemental!
Trog accepts your kill.
You hit the caustic shrike but do no damage.
You block the caustic shrike's attack. The caustic shrike claws you!!
You die...

#.............#...##
...............#....#
.............#.....<#
##...(......##.....##
............##....#
........≈≈≈.....###
.......≈≈≈.#..##
.....$.......#
.....≈†@b#..##
......b.b#....#
.≈≈...!Z#####.#
≈≈≈....Z. ..#
≈≈≈≈...## .# ..≈≈.≈.
. ..≈...# .# ..≈Z.#


You could see 3 caustic shrikes and 3 spectral swamp worms.

Vanquished Creatures
  Mara (Depths:2)
  3 ancient liches
  Boris (Depths:3)
  The ghost of royokou the Executioner, a veteran MiFi of Makhleb (Vaults:3)
  3 caustic shrikes
  The ghost of Faydane the Hoplite, a veteran HuFi of the Shining One (Vaults:3)
  The ghost of wjh11 the Executioner, a veteran MiBe of Trog (Vaults:2)
  3 golden dragons (Vaults:5)
  Arachne (Spider:2)
  A pearl dragon (Elf:3)
  A bone dragon (Abyss:3)
  The ghost of Muvus the Executioner, an adept DsFi of Uskayaw (Vaults:3)
  Jorgrun (D:14)
  4 tentacled monstrosities
  A deep elf master archer (Elf:3)
  A titan (Vaults:4)
  The ghost of Yloucecuu the Ninja, a veteran SpEn of Dithmenos (Vaults:3)
  Asterion (Spider:1)
  2 deep elf blademasters
  A quicksilver dragon (Depths:3)
  An Executioner (Abyss:2)
  2 tentacled starspawn
  3 sphinxes
  An ancient champion (Vaults:2)
  6 tengu reavers
  Agnes (Elf:1)
  Roxanne (D:14)
  9 shadow dragons
  A storm dragon (Vaults:4)
  2 thorn hunters
  The ghost of Yjimoseergh the Spry, an adept SpFE of Dithmenos (Vaults:3)
  7 deep elf sorcerers
  4 orc warlords
  7 frost giants
  5 fire giants
  3 iron dragons
  2 ghost moths (Spider:4)
  Aizul (Depths:2)
  16 vault wardens
  4 emperor scorpions
  A juggernaut zombie (Depths:2)
  19 very ugly things
  16 ironheart preservers
  3 war gargoyles (Vaults:5)
  4 deep elf elementalists
  3 entropy weavers
  19 stone giants
  Nessos (Lair:5)
  10 vampire knights
  6 deep elf demonologists
  9 deep elf annihilators
  7 spark wasps
  An eidolon (Abyss:2)
  2 minotaurs (Vaults:2)
  10 deep elf death magi
  A crystal guardian (Vaults:3)
  2 merfolk impalers
  6 ettins
  11 fire dragons
  A jiangshi (Vaults:2)
  6 great orbs of eyes
  6 ice dragons
  4 deep elf high priests
  25 hydras
  32 vault guards
  14 yaktaur captains
  A naga warrior (Vaults:2)
  Erolcha (D:12)
  5 rakshasas
  5 shambling mangroves
  2 spriggan air magi (Depths:3)
  7 centaur warriors
  3 catoblepae (Lair:6)
  3 ghost crabs
  21 two-headed ogres
  Erica (D:8)
  3 death knights
  20 alligators
  12 death yaks
  A tengu warrior (Depths:3)
  37 dancing weapons
  6 ogre magi
  5 deep troll earth magi
  3 vampire magi
  30 deep elf knights
  6 deep troll shamans
  5 orc high priests
  3 spriggan berserkers (Depths:3)
  Sonja (Lair:5)
  2 thrashing horrors (Abyss:2)
  5 soul eaters
  6 hell knights
  11 large abominations
  2 shadow wraiths
  A sun demon (Abyss:2)
  A sixfirhy (Depths:3)
  2 spatial maelstroms
  An iron troll (Depths:3)
  6 skeletal warriors
  8 flayed ghosts
  A wretched star (Abyss:3)
  A death drake (Abyss:3)
  A death drake (shapeshifter) (Elf:3)
  5 unseen horrors
  13 deep trolls
  8 wizards
  An unseen horror (shapeshifter) (Depths:3)
  A deep troll (shapeshifter) (Vaults:5)
  13 swamp dragons
  3 phantasmal warriors (Vaults:5)
  A tengu zombie (Vaults:4)
  A harpy (shapeshifter) (D:15)
  23 deep elf archers
  5 glowing orange brains
  26 orc knights
  A sphinx zombie (Depths:2)
  8 necromancers
  3 lindwurms (Swamp:4)
  17 ironbrand convokers
  21 orb spiders
  24 wolf spiders
  3 harpies (Vaults:1)
  60 ugly things
  A stone giant zombie (Vaults:2)
  An orb spider (shapeshifter) (Vaults:4)
  A fire giant zombie (Depths:2)
  9 orc sorcerers
  2 worldbinders (Abyss:2)
  A frost giant zombie (Depths:1)
  2 manticores (Lair:6)
  An iron dragon skeleton (Depths:1)
  A salamander (shapeshifter) (Vaults:3)
  2 oklob plants (Lair:3)
  A cyclops (shapeshifter) (D:15)
  67 deep elf magi
  A salamander (Depths:1)
  A fire giant skeleton (Depths:2)
  A rust devil (Depths:3)
  3 black mambas
  2 centaur zombies
  20 vault sentinels
  An ice statue (IceCv)
  An apocalypse crab (Abyss:3)
  3 smoke demons
  Joseph (D:7)
  3 gargoyles
  3 moths of wrath
  4 centaur skeletons
  A molten gargoyle (Elf:2)
  A torpor snail (Lair:5)
  A storm dragon simulacrum (Vaults:2)
  2 eyes of devastation (Depths:1)
  A hellion (Abyss:3)
  22 spiny frogs
  A rime drake (shapeshifter) (Vaults:5)
  Maggie (D:7)
  51 yaktaurs
  A rime drake (Lair:3)
  5 komodo dragons
  A human zombie (Vaults:4)
  13 demonic crawlers
  A tormentor (Depths:3)
  15 freezing wraiths
  2 tengu conjurers (Depths:1)
  3 ancient zymes
  A hellwing (Depths:1)
  8 trolls
  34 jumping spiders
  A meliai (shapeshifter) (D:14)
  2 yaktaur skeletons
  A wolf spider simulacrum (IceCv)
  6 meliai (D:15)
  12 tyrant leeches
  2 hornets (shapeshifter)
  A blink frog (shapeshifter) (Vaults:2)
  24 hornets
  2 wind drakes (shapeshifter)
  A polar bear (shapeshifter) (Depths:1)
  40 slime creatures
  17 blink frogs
  10 hippogriffs
  2 bog bodies (Swamp:2)
  A dream sheep (shapeshifter) (Elf:2)
  Prince Ribbit (D:7)
  4 raiju (Abyss:2)
  3 dream sheep (Lair:5)
  A flying skull (Abyss:3)
  67 redbacks
  11 spriggans
  5 shadows
  2 wraiths
  2 redbacks (shapeshifter)
  A spriggan zombie (Depths:2)
  An air elemental (Elf:2)
  2 ynoxinuls
  8 water elementals
  A tarantella (shapeshifter) (Depths:2)
  2 ettin skeletons (Vaults:2)
  3 hogs (D:12)
  38 tarantellas
  A spriggan skeleton (Depths:1)
  36 yaks
  A golden eye (shapeshifter) (Vaults:4)
  6 fire bats
  21 humans
  A steam dragon (D:10)
  4 hungry ghosts
  A neqoxec (Abyss:3)
  2 fire elementals (Elf:1)
  21 swamp worms
  2 chaos spawn
  2 soldier ants (shapeshifter)
  23 vampire mosquitoes
  13 insubstantial wisps
  A hell hound (Depths:1)
  8 wargs
  Duvessa (D:6)
  6 porcupines
  2 spatial vortices (Abyss:2)
  2 soldier ants
  An acid dragon (Vaults:2)
  2 floating eyes (Depths:3)
  10 swamp drakes
  13 water moccasins
  9 small abominations
  11 ice beasts
  2 eyes of draining (Depths:1)
  An ettin simulacrum (Vaults:1)
  71 orc warriors
  3 phantoms
  2 black bears
  2 elf zombies
  A hornet zombie (D:13)
  3 sky beasts
  2 necrophages
  5 centaurs
  6 boggarts (Vaults:1)
  9 wolves
  13 ogres
  14 crocodiles
  2 big kobolds
  9 bullfrogs
  Blork the orc (D:5)
  6 earth elementals
  Dowan (D:6)
  A wyvern skeleton (D:15)
  7 scorpions
  4 killer bees (D:7)
  10 wights
  8 electric eels
  3 howler monkeys
  A swamp dragon simulacrum (IceCv)
  11 crimson imps
  19 starcursed masses
  3 quasits
  A bullfrog zombie (D:10)
  2 draconian simulacra (IceCv)
  2 bullfrog skeletons
  2 iron imps (Depths:3)
  10 hounds
  4 jellies
  35 orc priests
  Crazy Yiuf (D:3)
  47 orc wizards
  2 iguanas
  2 hell rats (Lair:5)
  3 spriggan simulacra (IceCv)
  4 worker ants
  2 polar bear simulacra (IceCv)
  2 troll simulacra (IceCv)
  6 centaur simulacra (IceCv)
  A hound skeleton (D:8)
  3 worker ant zombies
  A howler monkey zombie (D:10)
  7 gnolls
  A howler monkey skeleton (D:8)
  10 adders
  5 naga simulacra (IceCv)
  2 ogre simulacra (IceCv)
  10 river rats (Lair:5)
  3 shadow imps
  14 white imps
  An ufetubus (Depths:3)
  2 oozes (D:2)
  An adder zombie (D:8)
  3 dart slugs
  4 worms
  6 leopard geckos
  170 orcs
  6 bats
  12 giant cockroaches
  20 goblins
  10 hobgoblins
  11 jackals
  7 quokkas
  A ball python (D:3)
  3 frilled lizards
  40 kobolds
  5 rats
  A butterfly (Lair:3)
  2 crawling corpses (Elf:3)
  3 fungi
  2 plants
  4 starspawn tentacles
2280 creatures vanquished.

Vanquished Creatures (collateral kills)
  the Lernaean hydra (Swamp:4)
  2 shadow dragons (Depths:2)
  A vampire knight (Depths:2)
  A hydra (Swamp:4)
  A spriggan air mage (Depths:2)
  A dancing weapon (Elf:2)
  A swamp dragon (Swamp:4)
8 creatures vanquished.

Vanquished Creatures (others)
  A shadow dragon (Vaults:5)
  A war gargoyle (Vaults:5)
  A deep elf annihilator (Vaults:5)
  An ogre mage (Depths:1)
  A fire dragon (Vaults:4)
  A deep elf high priest (Elf:2)
  A rakshasa (Depths:3)
  A two-headed ogre (Depths:1)
  An alligator (Swamp:4)
  A deep elf knight (Elf:2)
  A deep elf mage (Elf:2)
  A jumping spider (Spider:3)
  A tarantella (Spider:4)
  A water elemental (Elf:1)
  An insubstantial wisp (Swamp:4)
  An orc (Depths:1)
  6 fungi
  5 plants
  2 starspawn tentacles (Abyss:2)
29 creatures vanquished.

Grand Total: 2317 creatures vanquished

Notes
Turn   | Place    | Note
-------+----------+-------------------------------------------
     0 | D:1      | Ijustatesigmund the Minotaur Berserker began the quest for
                  | the Orb.
     0 | D:1      | Reached XP level 1. HP: 19/19 MP: 0/0
   176 | D:1      | Reached XP level 2. HP: 19/27 MP: 1/1
   628 | D:1      | Reached ** piety under Trog
   675 | D:1      | Reached XP level 3. HP: 34/34 MP: 2/2
  1202 | D:2      | Reached XP level 4. HP: 34/41 MP: 3/3
  1205 | D:2      | Reached skill level 5 in Axes
  1206 | D:2      | Reached skill level 5 in Fighting
  1486 | D:2      | Found a burning altar of Makhleb.
  1518 | D:2      | Reached XP level 5. HP: 25/49 MP: 4/4
  1750 | D:2      | Found a hazy altar of Hepliaklqana.
  1792 | D:2      | Found a sparkling altar of Nemelex Xobeh.
  2044 | D:2      | Reached *** piety under Trog
  2466 | D:3      | Found a shadowy altar of Dithmenos.
  2608 | D:3      | Found a blossoming altar of Fedhas.
  2673 | D:3      | Found a runed translucent door.
  2674 | D:3      | Noticed Crazy Yiuf
  2680 | D:3      | Killed Crazy Yiuf
  2680 | D:3      | Reached XP level 6. HP: 57/57 MP: 5/5
  2908 | D:4      | Reached skill level 3 in Armour
  3133 | D:4      | Reached XP level 7. HP: 62/64 MP: 6/6
  3242 | D:4      | Reached **** piety under Trog
  3538 | D:5      | Entered Level 5 of the Dungeon
  3708 | D:5      | Noticed Blork the orc
  3717 | D:5      | Killed Blork the orc
  3870 | D:5      | Reached skill level 4 in Armour
  4116 | D:5      | Found a staircase to the Ecumenical Temple.
  4306 | D:5      | Found an ornate altar of the Wu Jian Council.
  4739 | D:6      | Reached XP level 8. HP: 69/73 MP: 7/7
  4783 | D:6      | Noticed Dowan
  4784 | D:6      | Noticed Duvessa
  4798 | D:6      | Killed Duvessa
  4798 | D:6      | Reached skill level 5 in Armour
  4803 | D:6      | Killed Dowan
  4805 | D:6      | Got a jacinth-encrusted scale mail
  4816 | D:6      | Identified the cursed +0 scale mail of the Harp {*Corrode
                  | +Fly Str+3 Dex+9} (You found it on level 6 of the Dungeon)
  4885 | D:6      | Reached skill level 5 in Dodging
  5198 | D:6      | Found an ancient bone altar of Kikubaaqudgha.
  5198 | D:6      | Found Tebaatoc's Blasphemy Boutique.
  5401 | D:6      | Reached skill level 6 in Armour
  5606 | D:7      | Found a flagged portal.
  5611 | Bailey   | Entered a bailey
  5617 | Bailey   | Noticed an orc knight
  5715 | Bailey   | Noticed an orc knight
  5740 | Bailey   | Killed an orc knight
  5740 | Bailey   | Reached XP level 9. HP: 45/82 MP: 8/8
  5749 | Bailey   | HP: 5/123 [orc knight/+0 war axe (6)]
  5751 | Bailey   | Killed an orc knight
  5751 | Bailey   | Reached skill level 7 in Armour
  6581 | D:7      | Noticed Maggie
  6592 | D:7      | Killed Maggie
  6605 | D:7      | Noticed Joseph
  6615 | D:7      | Killed Joseph
  6615 | D:7      | Reached skill level 8 in Armour
  6815 | D:7      | Noticed Prince Ribbit
  6826 | D:7      | Killed Prince Ribbit
  6826 | D:7      | Reached skill level 10 in Fighting
  6826 | D:7      | Reached skill level 10 in Axes
  6860 | D:7      | Reached XP level 10. HP: 90/93 MP: 9/9
  7158 | D:7      | Found an opulent altar of Gozag.
  7789 | D:8      | Reached ***** piety under Trog
  7864 | D:8      | Reached skill level 9 in Armour
  8089 | D:8      | Received a gift from Trog
  8175 | D:8      | Noticed Erica
  8187 | D:8      | Killed Erica
  8794 | D:9      | Found a transporter.
  8796 | D:9      | Found a transporter.
  8809 | D:9      | Found a staircase to the Lair.
  8817 | Lair:1   | Entered Level 1 of the Lair of Beasts
  8817 | Lair:1   | Noticed a five-headed hydra
  8834 | Lair:1   | Killed a five-headed hydra
  8995 | Lair:1   | Reached XP level 11. HP: 95/102 MP: 10/10
  9148 | Lair:1   | Reached skill level 10 in Armour
  9169 | Lair:1   | Found a blossoming altar of Fedhas.
  9414 | Lair:2   | Got a scintillating pewter ring
  9420 | Lair:2   | Identified the ring "Jeotud" {Wiz rPois Int+2 Dex+3} (You
                  | found it on level 2 of the Lair of Beasts)
  9603 | Lair:3   | Reached skill level 1 in Shields
  9812 | Lair:5   | Noticed an eight-headed hydra
  9812 | Lair:5   | Noticed Nessos
 10133 | Lair:5   | Noticed Sonja
 10546 | Lair:5   | Killed Sonja
 10546 | Lair:5   | Reached skill level 1 in Throwing
 10556 | Lair:5   | Found a runed translucent door.
 10562 | Lair:5   | Found a viscous altar of Jiyva.
 10562 | Lair:5   | Noticed an acid blob
 10594 | Lair:5   | Noticed Qoypruj's ghost (journeyman MiGl)
 10606 | Lair:5   | Reached skill level 5 in Shields
 10750 | Lair:5   | Found a runed translucent door.
 10778 | Lair:5   | Killed Nessos
 10834 | Lair:5   | Noticed an eight-headed hydra
 10983 | Lair:6   | Entered Level 6 of the Lair of Beasts
 10983 | Lair:6   | Noticed a death yak
 10985 | Lair:6   | Noticed a death yak
 10986 | Lair:6   | Noticed a death yak
 11069 | Lair:3   | Found a hole to the Spider Nest.
 11115 | Lair:2   | Reached XP level 12. HP: 112/112 MP: 11/11
 11279 | Lair:1   | Reached skill level 5 in Throwing
 12680 | Lair:2   | Noticed a five-headed hydra
 12694 | Lair:2   | Killed a five-headed hydra
 12695 | Lair:2   | Noticed a six-headed hydra
 12710 | Lair:2   | Killed a six-headed hydra
 12849 | Lair:2   | Found a staircase to the Swamp.
 13065 | Lair:3   | Reached skill level 1 in Evocations
 14041 | Lair:4   | Received a gift from Trog
 14413 | Lair:5   | Killed an eight-headed hydra
 14859 | Lair:5   | Found a staircase to the Slime Pits.
 14859 | Lair:5   | Noticed an acid blob
 15081 | Lair:5   | Killed a death yak
 15246 | Lair:5   | Killed an eight-headed hydra
 15345 | Lair:5   | Reached XP level 13. HP: 96/124 MP: 10/14
 16600 | Lair:6   | Reached skill level 5 in Evocations
 17302 | Lair:6   | Reached skill level 15 in Fighting
 17302 | Lair:6   | Reached skill level 15 in Axes
 18698 | D:9      | Found a staircase to the Orcish Mines.
 18774 | D:9      | Reached ****** piety under Trog
 18797 | D:9      | Received a gift from Trog
 18902 | D:10     | Entered Level 10 of the Dungeon
 19201 | D:10     | Reached XP level 14. HP: 135/135 MP: 18/18
 20167 | D:12     | Found an ornate altar of the Wu Jian Council.
 20296 | D:12     | Found a runed translucent door.
 20296 | D:12     | Noticed endorz's ghost (journeyman GrFi)
 20365 | D:12     | Noticed Erolcha
 20371 | D:12     | Killed Erolcha
 20540 | D:12     | Received a gift from Trog
 21149 | D:13     | Reached skill level 10 in Dodging
 21163 | D:13     | Found a frozen archway.
 21171 | IceCv    | Entered an ice cave
 21390 | IceCv    | Reached skill level 11 in Armour
 21405 | IceCv    | Received a gift from Trog
 21656 | IceCv    | Found an ancient bone altar of Kikubaaqudgha.
 22686 | D:13     | Found Kaufi's Book Shop.
 22686 | D:13     | You fall into a shaft and drop 1 floor!
 22782 | D:14     | Found Ybrungik's Antique Armour Shop.
 23675 | D:13     | Found a gate to the Vaults.
 23682 | D:13     | Received a gift from Trog
 23699 | D:13     | Reached XP level 15. HP: 115/145 MP: 15/19
 24316 | D:14     | Noticed Roxanne
 24355 | D:14     | Killed Roxanne
 24672 | D:14     | Noticed Jorgrun
 24696 | D:14     | Killed Jorgrun
 24696 | D:14     | Reached skill level 12 in Armour
 25052 | D:14     | Reached skill level 10 in Shields
 25261 | D:14     | Got spiked ice dragon scales
 25284 | D:14     | Identified the +7 ice dragon scales of Ghostly the Leaf
                  | {*Contam rF- rC++ rN+ Int-5 Dex+6} (You found it on level
                  | 14 of the Dungeon)
 25284 | D:14     | Lost intelligence.
 25540 | D:14     | Bought a pair of brightly glowing boots for 370 gold pieces
 25540 | D:14     | Bought a runed kite shield for 292 gold pieces
 25560 | D:14     | Identified the +2 pair of boots "Ica Veveopt" {rN+ Str+3
                  | Int+4} (You bought it in a shop on level 14 of the Dungeon)
 25854 | D:15     | Entered Level 15 of the Dungeon
 26450 | D:15     | Found a staircase to the Depths.
 27033 | Orc:1    | Entered Level 1 of the Orcish Mines
 27047 | Orc:1    | Received a gift from Trog
 27571 | Orc:2    | Entered Level 2 of the Orcish Mines
 27687 | Orc:2    | Found a staircase to the Elven Halls.
 27786 | Orc:1    | Noticed an orc warlord
 27803 | Orc:1    | Killed an orc warlord
 28426 | Orc:2    | Noticed an orc warlord
 28431 | Orc:2    | Received a gift from Trog
 28465 | Orc:2    | Killed an orc warlord
 28645 | Orc:2    | Reached skill level 13 in Armour
 28934 | Orc:2    | Found Efuacw's General Store.
 28935 | Orc:2    | Found Zautt's Jewellery Shop.
 28937 | Orc:2    | Found Pyhodde's Antique Armour Boutique.
 28937 | Orc:2    | Found Kaorph's Antique Weapon Boutique.
 28963 | Orc:2    | Bought a potion of mutation for 96 gold pieces
 28964 | Orc:2    | Bought the ring of Buxobb {rF+ EV+4 Slay+3} for 1001 gold
                  | pieces
 28973 | Orc:2    | Bought a shiny chain mail for 232 gold pieces
 28973 | Orc:2    | Bought a glowing hat for 217 gold pieces
 29073 | Orc:2    | Found a roughly hewn altar of Beogh.
 29428 | Swamp:1  | Entered Level 1 of the Swamp
 29637 | Swamp:1  | Received a gift from Trog
 29656 | Swamp:1  | Reached XP level 16. HP: 131/155 MP: 18/20
 30489 | Swamp:2  | Noticed a thorn hunter
 30501 | Swamp:2  | Killed a thorn hunter
 31786 | Swamp:3  | Received a gift from Trog
 32477 | Swamp:3  | Reached skill level 14 in Armour
 32965 | Swamp:4  | Entered Level 4 of the Swamp
 33167 | Swamp:4  | Received a gift from Trog
 33189 | Swamp:4  | Noticed a thorn hunter
 33198 | Swamp:4  | Reached XP level 17. HP: 32/163 MP: 5/21
 33219 | Swamp:4  | Noticed the 27-headed Lernaean hydra
 33609 | Swamp:4  | Killed the 26-headed Lernaean hydra
 33800 | Swamp:4  | Upgraded the game from 0.25.0-11-g1f837a76a1 to
                  | 0.25.0-17-g773c8c6189
 33877 | Swamp:4  | Got a decaying rune of Zot
 34575 | Spider:1 | Entered Level 1 of the Spider Nest
 34593 | Spider:1 | Identified a scroll of acquirement
 34896 | Spider:1 | Received a gift from Trog
 34911 | Spider:1 | Identified the +8 war axe of the Warrior {vorpal, rElec}
                  | (Trog gifted it to you on level 1 of the Spider Nest)
 35010 | Spider:1 | Noticed Asterion
 35025 | Spider:1 | Killed Asterion
 35322 | Spider:1 | Found a runed translucent door.
 35492 | Spider:1 | Reached skill level 15 in Armour
 35757 | Spider:2 | Noticed Arachne
 35782 | Spider:2 | Killed Arachne
 36481 | Spider:2 | Received a gift from Trog
 36811 | Spider:3 | Reached XP level 18. HP: 154/174 MP: 22/22
 37343 | Spider:4 | Entered Level 4 of the Spider Nest
 37517 | Spider:4 | Received a gift from Trog
 38932 | Spider:4 | Reached skill level 16 in Armour
 38941 | Spider:4 | Got a gossamer rune of Zot
 39309 | Depths:1 | Entered Level 1 of the Depths
 39335 | Depths:1 | Found a runed translucent door.
 39383 | Depths:1 | Received a gift from Trog
 39420 | Depths:1 | Found a roughly hewn altar of Beogh.
 39557 | Depths:1 | Found Xohecoc's Book Boutique.
 39604 | Depths:1 | Found a gateway to a ziggurat.
 39847 | Depths:1 | You fall into a shaft and drop 1 floor!
 39863 | Depths:2 | Reached skill level 15 in Dodging
 40039 | Depths:2 | Reached skill level 15 in Shields
 40046 | Depths:2 | Paralysed by a vampire knight for 2 turns
 40137 | Depths:2 | Noticed Mara
 40139 | Depths:2 | Noticed a caustic shrike
 40457 | Depths:2 | Reached XP level 19. HP: 175/184 MP: 21/23
 40614 | Depths:2 | Noticed Aizul
 40632 | Depths:2 | Killed Aizul
 41019 | Depths:1 | Found a gateway to Hell.
 41033 | Depths:1 | Noticed an ancient lich
 41089 | Depths:1 | Paralysed by a vampire knight for 7 turns
 41528 | Depths:1 | Received a gift from Trog
 41540 | Depths:1 | Killed an ancient lich
 41789 | Depths:1 | Reached skill level 17 in Armour
 42160 | Depths:1 | Identified the cursed +1 demon whip "Socus" {vamp, Str+3}
                  | (You found it on level 1 of the Depths)
 42201 | Depths:1 | Identified the Disquisition on Stolen Souls
 42384 | Depths:2 | Noticed an ancient lich
 42405 | Depths:2 | Killed an ancient lich
 42455 | Depths:2 | HP: 10/277 [something (7)]
 42457 | Depths:2 | Killed a caustic shrike
 42458 | Depths:2 | HP: 3/280 [something/vampiric draining (3)]
 42931 | Depths:2 | Noticed Ijustatesigmund's illusion
 42950 | Depths:2 | Killed Mara
 42964 | Depths:2 | Reached XP level 20. HP: 126/195 MP: 16/24
 42981 | Depths:2 | Received a gift from Trog
 43966 | Vaults:1 | Entered Level 1 of the Vaults
 44641 | Vaults:1 | Received a gift from Trog
 44922 | Vaults:1 | Found a roughly hewn altar of Beogh.
 45733 | Vaults:2 | Reached skill level 18 in Armour
 45876 | Vaults:2 | Received a gift from Trog
 46067 | Vaults:2 | Found a staircase to the Crypt.
 46339 | Vaults:2 | Found a runed translucent gate.
 46339 | Vaults:2 | Found a runed translucent gate.
 46339 | Vaults:2 | Found a runed translucent gate.
 46339 | Vaults:2 | Identified the +4 kite shield of the Harvest {+Blink +Fly
                  | Str-4 SInv}
 46340 | Vaults:2 | Noticed wjh11's ghost (veteran MiBe)
 46406 | Vaults:2 | You fall into a shaft and drop 2 floors!
 47202 | Vaults:2 | Received a gift from Trog
 47549 | Vaults:2 | Reached XP level 21. HP: 201/204 MP: 25/25
 48026 | Vaults:2 | Found an iron altar of Okawaru.
 48072 | Vaults:2 | Killed wjh11's ghost
 48675 | Vaults:3 | Found a portal to a secret trove of treasure.
 48834 | Vaults:3 | Received a gift from Trog
 48973 | Vaults:3 | Found a runed translucent gate.
 48973 | Vaults:3 | Found a runed translucent gate.
 48973 | Vaults:3 | Found a runed translucent gate.
 48973 | Vaults:3 | Noticed Muvus's ghost (adept DsFi)
 48974 | Vaults:3 | Noticed Yloucecuu's ghost (veteran SpEn)
 48974 | Vaults:3 | Noticed royokou's ghost (veteran MiFi)
 48974 | Vaults:3 | Noticed Yjimoseergh's ghost (adept SpFE)
 48974 | Vaults:3 | Noticed Faydane's ghost (veteran HuFi)
 49368 | Vaults:3 | Killed Muvus's ghost
 49514 | Vaults:3 | Killed Yjimoseergh's ghost
 49559 | Vaults:3 | Killed Yloucecuu's ghost
 49594 | Vaults:3 | Killed Faydane's ghost
 49637 | Vaults:3 | Killed royokou's ghost
 50437 | Vaults:3 | Gained mutation: You are frail. (-10% HP) [potion of
                  | mutation]
 50437 | Vaults:3 | Gained mutation: You are resistant to electric shocks.
                  | (rElec) [potion of mutation]
 50438 | Vaults:3 | Lost mutation: You are frail. (-10% HP) [potion of
                  | mutation]
 50438 | Vaults:3 | Gained mutation: You have a somewhat thin skeletal
                  | structure. (Dex +2, Stealth) [potion of mutation]
 50438 | Vaults:3 | Gained mutation: You have a pair of large horns on your
                  | head. [potion of mutation]
 50508 | Vaults:4 | Reached skill level 19 in Armour
 50692 | Vaults:4 | Received a gift from Trog
 50835 | Vaults:4 | Cast into level 3 of the Abyss (deep elf knight)
 51161 | Vaults:4 | Escaped the Abyss
 51422 | Vaults:4 | Reached XP level 22. HP: 209/212 MP: 25/27
 51428 | Vaults:4 | Received a gift from Trog
 51750 | Vaults:4 | Found Caifeke's Gadget Boutique.
 51758 | Vaults:4 | Bought a wand of clouds (4) for 504 gold pieces
 52591 | Elf:1    | Entered Level 1 of the Elven Halls
 52681 | Elf:1    | Received a gift from Trog
 53154 | Elf:1    | Noticed Agnes
 53160 | Elf:1    | Killed Agnes
 53362 | Elf:1    | Reached skill level 20 in Armour
 53475 | Elf:2    | Found Puoweni's Elven Fire.
 53488 | Elf:2    | Received a gift from Trog
 53499 | Elf:2    | Reached skill level 10 in Evocations
 53693 | Elf:3    | Entered Level 3 of the Elven Halls
 53993 | Elf:2    | Found a runed translucent gate.
 53994 | Elf:2    | Found a runed translucent gate.
 54005 | Elf:2    | Found a runed translucent gate.
 54028 | Elf:2    | Reached skill level 10 in Throwing
 54031 | Elf:2    | Cast into level 2 of the Abyss (+0 trident of distortion)
 54403 | Abyss:2  | Received a gift from Trog
 54539 | Elf:2    | Escaped the Abyss
 54587 | Elf:2    | Reached skill level 21 in Armour
 55163 | Elf:3    | Found Loumog's Jewellery Shop.
 55164 | Elf:3    | Found Ysoumais's Gadget Emporium.
 55164 | Elf:3    | Found Xaisch Jouff's Gadget Emporium.
 55177 | Elf:3    | Bought the amulet of the Princess {rC+++ MR+ Regen+ Int+2
                  | Dex-3} for 981 gold pieces
 55177 | Elf:3    | Bought a +4 ring of slaying for 1014 gold pieces
 55218 | Elf:3    | Found Ockoll's Assorted Antiques.
 55225 | Elf:3    | Bought a scroll of teleportation for 75 gold pieces
 55225 | Elf:3    | Bought 3 scrolls of identify for 150 gold pieces
 55268 | Elf:3    | Received a gift from Trog
 55474 | Elf:3    | Reached XP level 23. HP: 221/221 MP: 30/30
 56079 | Elf:3    | Received a gift from Trog
 56119 | Elf:3    | Reached skill level 22 in Armour
 56449 | Elf:3    | Identified the ring "Weidweca" {*Contam rN+++ MR+ AC+4
                  | Dex+3}
 56588 | Elf:3    | Found the +6 arbalest "Damnation" {damnation}
 56598 | Elf:3    | Got a transparent silver ring
 56600 | Elf:3    | Got a translucent golden ring
 56601 | Elf:3    | Identified the ring of False Pretenses {MR+ Dex+2 Slay+3}
                  | (You found it on level 3 of the Elven Halls)
 56602 | Elf:3    | Identified the ring of Fuqo {rF+ Slay+3} (You found it on
                  | level 3 of the Elven Halls)
 57196 | Vaults:5 | Entered Level 5 of the Vaults
 57220 | Vaults:5 | Received a gift from Trog
 57865 | Vaults:4 | Reached skill level 23 in Armour
 58111 | Vaults:5 | Paralysed by a sphinx for 7 turns
 58399 | Vaults:5 | Reached XP level 24. HP: 229/229 MP: 31/31
 58519 | Vaults:5 | Got a silver rune of Zot
 58717 | Vaults:5 | Noticed an ancient lich
 58733 | Vaults:5 | Received a gift from Trog
 58736 | Vaults:5 | Killed an ancient lich
 59012 | Vaults:5 | Reached skill level 1 in Stealth
 59041 | Vaults:5 | Found Alouw's General Store.
 59047 | Vaults:5 | Bought a scroll of teleportation for 60 gold pieces
 59078 | Vaults:5 | Got a warped tin ring
 59079 | Vaults:5 | Identified the ring of Sin {rF+ rCorr} (You found it on
                  | level 5 of the Vaults)
 59283 | Vaults:5 | Identified the Catalogue of Creation
 60050 | Depths:3 | Reached skill level 5 in Stealth
 60183 | Depths:3 | Found Noasupob's Book Emporium.
 60226 | Depths:3 | Identified the +3 mace of the Dead {venom, rF- Dex+3
                  | Stlth+}
 60226 | Depths:3 | Noticed Boris
 60239 | Depths:3 | Killed Boris
 60393 | Depths:3 | Found a one-way gate leading to the halls of Pandemonium.
 60396 | Depths:3 | Received a gift from Trog
 60834 | Depths:3 | You fall into a shaft and drop 2 floors!
 60834 | Depths:5 | Entered Level 5 of the Depths
 61150 | Depths:5 | HP: 7/346 [caustic shrike (12)]
 61150 | Depths:5 | HP: 1/346 [acid (6)]
 61151 | Depths:5 | Annihilated by a caustic shrike

Illustrated notes

Levels and vault maps discovered:
D:1:      psy_arrival_whirlpool, layout_basic, minmay_worlds_worst_comb
D:2:      layout_basic, bloody_makhleb, nemelex_xobeh_ov_fountains_minmay,
          lemuel_round_altar
D:3:      layout_rooms, gammafunk_temple_overflow_pools, minmay_misc_feat_five,
          uniq_crazy_yiuf_cottage
D:4:      layout_basic, minmay_fractal_squares_5
D:5:      layout_loops_ring, kennysheep_mini_moat,
          minmay_temple_entry_proselytizer, first_ration,
          kennysheep_generic_room_11, uniq_blork_the_orc
D:6:      layout_gridville, nicolae_wand_duel, minmay_misc_feat_doors,
          nicolae_evil_shop, uniq_duvessa
D:7:      layout_basic, nicolae_gozag_seed_capital, enter_bailey_3, uniq_maggie,
          uniq_joseph, uniq_prince_ribbit1
D:8:      layout_loops_ring, uniq_erica
D:9:      gammafunk_jiyva_shrine, layout_basic, lair_entry_dummy, david_orc_2,
          special_room [special_room_orc]
D:10:     layout_rooms
D:11:     layout_roguey
D:12:     layout_long_grid, basic_altar, hellmonk_ghost_happy_afterlife,
          grunt_livestock, uniq_erolcha
D:13:     layout_basic, grunt_vaults_entry_tiered,
          portal_ice_cave_entry_pillars_1, serial_shops, shop,
          grunt_ministairs_11
D:14:     minmay_evil_eye, layout_long_grid, serial_shops, shop, laboratory,
          uniq_roxanne, uniq_jorgrun
D:15:     gammafunk_enter_depths_forms, layout_basic, chequers_jeans
Lair:1:   layout_cave_pods, basic_altar, grunt_megastairs_3
Lair:2:   layout_regular_city, palyth_hydra_swamp_entry
Lair:3:   layout_hall_layers, spider_nest_entry_rubble, wad_woods_road_04,
          grunt_megastairs_2, lemuel_fruit_fields, minmay_lair_oklob_chamber,
          serial_bayou_shore_b
Lair:4:   layout_cave_pods
Lair:5:   layout_gridlike, slime_altar_2, hellmonk_ghost_happy_afterlife,
          kennysheep_rathole, grunt_megastairs_5, uniq_sonja, uniq_nessos
Lair:6:   evilmike_catoblepas_cave, layout_gridlike, serial_bayou_pond_d,
          serial_bayou_shore_a
Swamp:1:  layout_basic_swamp, nicolae_swamp_round_clearing,
          infiniplex_staircase_pool
Swamp:2:  layout_falls_marsh, hangedman_swamp_lotus
Swamp:3:  layout_basic_swamp, evilmike_swamp_ruin_house_2, swamp_pool1
Swamp:4:  swamp_alternative, layout_basic_swamp, swamp_pool1
Spider:1: cheibrodos_spider_deadly_dance, uniq_asterion
Spider:2: layout_spider_delve, uniq_arachne
Spider:3: layout_spider_delve
Spider:4: spider_rune_water, einodemon_crawler_minivault
Orc:1:    layout_caves
Orc:2:    st_orc_congregation, layout_diamond_mine, basic_altar
Elf:1:    layout_geoelf_octagon, minmay_elf_demonology, uniq_agnes
Elf:2:    layout_gridlike, guppyfry_elf_lava
Elf:3:    minmay_elf_hall_dome, layout_loops_corners, serial_shops,
          nicolae_shop_crystal, minmay_the_grid_2x2 [minmay_the_grid_plusring,
          minmay_the_grid_spikes, minmay_the_grid_dragon_a,
          minmay_the_grid_prize_big_room], minmay_shop_grove
Vaults:1: v_pattern_1, vaults_room_corners, vaults_room_pool, v_misc_14,
          special_room_vaults [special_room_orc], ontoclasm_vaults_hangar,
          v_misc_32, nicolae_vaults_sealed_display, ontoclasm_vaults_twist,
          nicolae_vaults_network_s, nicolae_vaults_alarming,
          nicolae_vaults_little_ls, layout_vaults_big_room
Vaults:2: gammafunk_vaults_ghost_fury_of_okawaru, kb_rosetta, v_misc_29,
          nicolae_vaults_yaktaur_gun_rack, minmay_crypt_entry_simple_sparse,
          v_misc_16, v_alt_pattern_2, grunt_vaults_focal, grunt_vaults_twisty,
          nicolae_vaults_little_squares_3, hangedman_vaults_nails,
          ontoclasm_vaults_decontamination, layout_vaults_omnigrid
Vaults:3: gammafunk_vaults_ghost_cemetery, v_misc_23, v_misc_24,
          nicolae_vaults_know_your_exits, hangedman_vaults_slice,
          vaults_room_door_ring, hangedman_vaults_corner, v_alt_pattern_6,
          nicolae_vaults_triangles, v_rooms_1, nicolae_vaults_little_squares_4,
          nicolae_vaults_diagonal_hallway_6, hangedman_vaults_trim,
          layout_vaults_omnibox, nicolae_trove_entry_columns
Vaults:4: grunt_vaults_hallway_long, ontoclasm_vaults_spin,
          ontoclasm_vaults_bender, hangedman_vaults_stream,
          ontoclasm_vaults_pinch, serial_ice_b, hangedman_vaults_nails,
          nicolae_vaults_c_with_doors, v_pattern_4,
          nicolae_vaults_network_periphery, vaults_room_pool,
          layout_vaults_big_cross, serial_shops, shop
Vaults:5
Depths:1: layout_roguey [special_room_morgue], enter_ziggurat_d,
          minmay_misc_feat_rows, hellmouth_1, serial_shops, shop_fountains,
          minmay_misc_feat_diagonals, corner_web_ring, lightli_church_of_beogh,
          firewood_loft
Depths:2: hourglass_vault, layout_cave_pools, dk_noncrumbling_4,
          grunt_metal_band, special_room [special_room_morgue],
          serial_bayou_pond_e, infiniplex_staircase_zigzag_4, uniq_aizul,
          uniq_mara
Depths:3: minmay_quantized_circle, layout_basic, hangedman_geh_valley,
          hangedman_decor_riveting, grunt_pan_entry_sceptre, serial_shops,
          nicolae_shop_competitors_out_of_business, onia_ninara_cookie,
          uniq_boris
Depths:5: grunt_zot_entry_bicorn, layout_cave_pools, pf_hell_entry_tar_river,
          serial_sigils, serial_sigils_hangedman_confine,
          serial_sigils_hangedman_quiver, serial_sigils_hangedman_snap,
          serial_sigils_hangedman_gnaw, minmay_misc_feat_x

Skill      XL: |  1  2  3  4  5  6  7  8  9 10 11 12 13 14 15 16 17 18 19 20 21 22 23 24 |
---------------+-------------------------------------------------------------------------+-----
Fighting       | 4 5 6 7 8 10 11 12 14 15 16 17 18 19 20 21 22 | 22.0
Axes           | 4 5 6 7 8 10 11 12 14 15 16 17 18 19 20 21 22 | 22.0
Armour         | 3 4 6 8 9 10 11 13 14 15 16 17 18 19 21 23 | 23.4
Dodging        | 3 4 6 7 9 10 12 13 14 15 16 17 | 17.6
Shields        | 7 9 11 12 14 15 16 17 18 | 18.0
Throwing       | 4 5 7 10 13 | 13.7
Evocations     | 3 6 8 11 13 | 13.5
Stealth        | 9 |  9.3

Action                   |  1- 3 |  4- 6 |  7- 9 | 10-12 | 13-15 | 16-18 | 19-21 | 22-24 || total
-------------------------+-------+-------+-------+-------+-------+-------+-------+-------++-------
Melee: Hand axe          |    86 |   131 |   264 |       |       |       |       |       ||   481
       Headbutt          |    11 |    25 |    67 |   136 |   345 |   341 |   411 |   328 ||  1664
       Broad axe         |       |       |    46 |    31 |   485 |   986 |  1335 |  1129 ||  4012
       War axe           |       |       |       |   459 |   675 |   196 |       |       ||  1330
       Whip              |       |       |       |    35 |    15 |       |       |       ||    50
Throw: Dart              |     6 |       |    11 |    11 |    14 |    12 |     4 |    24 ||    82
Invok: Berserk           |       |     2 |     3 |     2 |     6 |     1 |     2 |     3 ||    19
       Trog's Hand       |       |       |     3 |     2 |     2 |     6 |     4 |     5 ||    22
       Brothers in Arms  |       |       |       |       |       |     1 |       |       ||     1
Evoke: Wand              |       |       |     4 |    29 |    24 |    13 |     6 |     9 ||    85
       Phantom mirror    |       |       |       |       |       |     1 |       |       ||     1
  Use: Scroll            |     3 |     8 |    11 |     9 |    12 |    21 |    10 |    22 ||    96
       Potion            |       |       |     4 |       |     3 |     3 |     7 |     7 ||    24
 Stab: Paralysed         |       |       |       |     7 |       |       |       |       ||     7
       Petrified         |       |       |       |       |     5 |       |       |       ||     5
       Confused          |       |       |       |       |       |     6 |       |       ||     6
       Distracted        |       |       |       |       |       |       |     2 |       ||     2
       Sleeping          |       |       |       |       |       |       |       |     7 ||     7
       Invisible         |       |       |       |       |       |       |       |     2 ||     2
  Eat: Chunk             |     1 |     8 |    12 |    17 |    41 |    18 |    21 |    21 ||   139
       Ration            |       |       |     1 |     4 |     4 |     6 |     6 |     4 ||    25
Armor: Animal skin       |    14 |       |       |       |       |       |       |       ||    14
       Leather armour    |     9 |     4 |       |       |       |       |       |       ||    13
       Ring mail         |       |    44 |    40 |       |       |       |       |       ||    84
       Chain mail        |       |       |    96 |   270 |   349 |   409 |   205 |    80 ||  1409
       Skin              |       |       |       |       |     1 |       |       |       ||     1
       Plate armour      |       |       |       |       |       |       |       |   132 ||   132
Dodge: Dodged            |    54 |    95 |   192 |   359 |   398 |   628 |   450 |   460 ||  2636
Block: Buckler           |       |       |       |    93 |    83 |       |       |       ||   176
       Tower shield      |       |       |       |       |   355 |       |       |       ||   355
       Kite shield       |       |       |       |       |   165 |  1080 |   767 |   728 ||  2740
       Reflection        |       |       |       |       |    16 |    43 |    73 |    89 ||   221
